AoeStats
← web

Arabia

507776181Analyzed
1v1 RM · 12d ago on Sep 19, 2026· 36m 24s· 2 players
Game mode
Random Map
Map size
Tiny (2 player)
Population
200
Speed
Normal
Resources
Standard
Victory
Conquest
Starting age
Dark Age
Ending age
Imperial Age
RankedLock teamsTeams togetherTeam positionsShared explorationLock speedFull tech treeHidden civsTurbo modeCheats
Victory
Defeat
🇺🇸 Italians · United States
1402
+16
🇪🇸 Vikings · Spain
1411
-16
web
8:47 Feudal Age
7:06 Loom
9:59 Double-Bit Axe
14:31 Fletching
21:44 Castle Age
20:04 Gold Mining
19:59 Horse Collar
20:52 Padded Archer Armor
21:51 Crossbowman
22:29 Bodkin Arrow
22:51 Bow Saw
24:23 Ballistics
26:16 Leather Archer Armor
26:12 Thumb Ring
33:27 Wheelbarrow
36:50 Hand Cart
st☆rchild
7:00 Loom
9:17 Feudal Age
10:00 Double-Bit Axe
12:54 Town Watch
13:41 Forging
17:35 Scale Barding Armor
21:09 Castle Age
18:52 Horse Collar
19:33 Gold Mining
20:27 Padded Archer Armor
21:07 Fletching
21:19 Crossbowman
22:10 Bodkin Arrow
22:27 Light Cavalry
24:15 Bow Saw
27:27 Gold Shaft Mining
27:44 Leather Archer Armor
28:59 Elite Skirmisher
33:20 Light Cavalry
34:32 Chain Barding Armor
35:48 Ballistics
Connection lost

Rejoining the realm…

Still unreachable

The connection could not be restored.

Session expired

The server has moved on; the page needs a fresh start.